 Dungeon Crawl Stone Soup version 0.20.1-1-g8b1a95d (webtiles) character file.

104 gobwax the Cudgeler (level 4, -1/26 HPs)
             Began as a Gargoyle Skald on Aug 14, 2017.
             Slain by a gnoll (2 damage)
             ... on level 4 of the Dungeon.
             The game lasted 00:03:18 (2083 turns).

gobwax the Cudgeler (Gargoyle Skald)                Turns: 2083, Time: 00:03:19

Health: -1/26      AC:  6    Str: 19    XL:     4   Next: 80%
Magic:  4/7        EV: 11    Int: 13    God:
Gold:   47         SH:  0    Dex: 10    Spells: 4/7 levels left

rFire    . . .     SeeInvis .   a - +0 mace
rCold    . . .     Gourm    .   (no shield)
rNeg     + . .     Faith    .   b - +0 leather armour
rPois    ∞         Spirit   .   (no helmet)
rElec    +         Reflect  .   (no cloak)
rCorr    .         Harm     .   (no gloves)
MR       .....                  (no boots)
Stlth    +.........             (no amulet)
Regen    0.1/turn               l - ring of wizardry
MPRegen  0.1/turn               e - +4 ring of strength

@: no status effects
A: negative energy resistance 1, electricity resistance, unbreathing,
petrification resistance, rot immunity, AC +3
a: no special abilities


You were on level 4 of the Dungeon.
You were near starving.

You visited 1 branch of the dungeon, and saw 4 of its levels.

You collected 47 gold pieces.

Inventory:

Hand Weapons
 a - a +0 mace (weapon)
Armour
 b - a +0 leather armour (worn)
Jewellery
 e - a +4 ring of strength (right hand)
 l - a ring of wizardry (left hand)
Scrolls
 i - 3 scrolls of teleportation {unknown}
 j - 4 scrolls of identify {unknown}
 o - a scroll of blinking {unknown}
 r - a scroll of immolation {unknown}
 v - a scroll of remove curse {unknown}
 w - a scroll of magic mapping {unknown}
 x - a scroll of amnesia {unknown}
Potions
 f - a potion of degeneration {unknown}
 g - a potion of agility {unknown}
 h - a potion of flight {unknown}
 k - 2 potions of heal wounds {unknown}
 m - 2 potions of lignification {unknown}
 p - a potion of brilliance {unknown}
 q - a potion of cancellation {unknown}
 s - 2 potions of invisibility {unknown}
 t - 3 potions of curing {unknown}
 u - a potion of might {unknown}
Books
 c - a book of Battle

   Spells                             Type                      Level
   a - Infusion                       Charms                       1
   b - Shroud of Golubria             Charms/Translocation         2
   c - Song of Slaying                Charms                       2
   d - Spectral Weapon                Hexes/Charms                 3
   e - Regeneration                   Charms/Necromancy            3
Comestibles
 d - a bread ration
 n - a meat ration


   Skills:
 - Level 2.1 Fighting
 * Level 4.8 Maces & Flails
 - Level 1.1 Armour
 - Level 1.5 Dodging
 - Level 2.0 Spellcasting
 - Level 2.6 Charms


You had 4 spell levels left.
You knew the following spells:

 Your Spells              Type           Power        Failure   Level  Hunger
a - Infusion              Chrm           #...         4%          1    ##.....
b - Song of Slaying       Chrm           #.......     6%          2    ###....


Dungeon Overview and Level Annotations

Branches:
Dungeon (4/15)
 Temple: D:4-7

Altars:
Fedhas


Innate Abilities, Weirdness & Mutations

You are resistant to torment.
Your stone body is resilient. (AC +3)
You are immune to poison.
You resist negative energy. (rN+)
You are resistant to electric shocks. (rElec)
You can survive without breathing.
You are immune to petrification.
You are immune to rotting.


Message History

The gnoll hits you from afar with a spear.
The gnoll barely misses you.
Your magical infusion is running out.
You are no longer magically infusing your attacks.
There is a stone staircase leading down here.
The gnoll hits you but does no damage.
The gnoll hits you from afar with a spear!
* * * LOW HITPOINT WARNING * * *
You climb downwards.
An adder skeleton comes into view.
Found a scroll labeled YDAGUI ZYIHUSOQO.
There is a stone staircase leading up here.
You hit the gnoll.
The gnoll is moderately wounded.
The gnoll misses you. The gnoll hits you.
* * * LOW HITPOINT WARNING * * *
You hit the gnoll but do no damage.
The gnoll is moderately wounded.
The gnoll hits you.
You die...

# ..
###.########.#
...........?#
#...g@.Z.#
#########.#


You could see a gnoll and an adder skeleton.

Vanquished Creatures
  A gnoll (D:3)
  3 adders (D:2)
  2 oozes
  3 dart slugs
  A leopard gecko (D:2)
  An orc (D:3)
  4 bats
  3 giant cockroaches
  3 goblins
  8 hobgoblins
  7 jackals
  A quokka (D:3)
  A ball python (D:2)
  2 frilled lizards
  5 kobolds
  4 rats
49 creatures vanquished.

Notes
Turn   | Place    | Note
-------+----------+-------------------------------------------
     0 | D:1      | gobwax the Gargoyle Skald began the quest for the Orb.
     0 | D:1      | Reached XP level 1. HP: 12/12 MP: 3/3
   169 | D:1      | Reached XP level 2. HP: 9/17 MP: 0/5
   390 | D:1      | Learned a level 2 spell: Song of Slaying
   391 | D:1      | Reached skill level 3 in Maces & Flails
   584 | D:1      | Reached XP level 3. HP: 21/21 MP: 6/6
  1024 | D:2      | Found a blossoming altar of Fedhas.
  1130 | D:2      | Reached skill level 4 in Maces & Flails
  1130 | D:2      | Reached XP level 4. HP: 22/26 MP: 7/7
  1640 | D:3      | Found a faded altar of an unknown god.
  2082 | D:4      | HP: 1/26 [gnoll (6)]
  2083 | D:4      | Slain by a gnoll

Skill      XL: |  1  2  3 |
---------------+----------+-----
Maces & Flails | 3 4 |  4.8
Fighting       | |  2.1
Armour         | |  1.1
Dodging        | |  1.5
Spellcasting   | |  2.0
Charms         | |  2.6

Action                   |  1- 3 |  4- 6 || total
-------------------------+-------+-------++-------
Melee: Mace              |   120 |    58 ||   178
 Cast: Infusion          |     1 |     2 ||     3
  Eat: Chunk             |       |     2 ||     2
Armor: Leather armour    |    82 |    19 ||   101
Dodge: Dodged            |   123 |    45 ||   168
